 Dungeon Crawl Stone Soup version 0.23.0 (webtiles) character file.

Game seed: 4994807969044818283

23317 marthius the Blocker (level 12, 0/117 HPs)
             Began as a Minotaur Fighter on Feb 12, 2019.
             Was a High Priest of Makhleb.
             Slain by a yak (5 damage)
             ... while petrified by a basilisk
             ... on level 3 of the Lair of Beasts on Feb 13, 2019.
             The game lasted 00:39:11 (13269 turns).

marthius the Blocker (Minotaur Fighter)            Turns: 13269, Time: 00:39:12

Health: 0/117      AC: 22    Str: 28    XL:     12   Next: 70%
Magic:  11/11      EV:  2    Int:  5    God:    Makhleb [*****.]
Gold:   488        SH:  0    Dex: 11    Spells: 11/11 levels left

rFire    x . .     SeeInvis .   S - +4 scimitar (flame)
rCold    + . .     Gourm    .   c - +0 shield
rNeg     + + +     Faith    .   K - +0 plate armour
rPois    ∞         Spirit   .   (helmet restricted)
rElec    .         Reflect  .   (no cloak)
rCorr    .         Harm     .   t - +2 pair of gloves {Str+3}
MR       .....                  m - +2 pair of boots
Stlth    ..........             D - amulet of regeneration
HPRegen  0.69/turn              g - ring of wizardry
MPRegen  0.12/turn              C - ring of ice

@: lethally poisoned (0 -> 0), petrified, marked, studying Long Blades
A: retaliatory headbutt, horns 2
a: Minor Destruction, Lesser Servant of Makhleb, Major Destruction, Greater
Servant of Makhleb, Renounce Religion


You were on level 3 of the Lair of Beasts.
You worshipped Makhleb.
Makhleb was extremely pleased with you.
You were not hungry.

You visited 3 branches of the dungeon, and saw 16 of its levels.
You also visited: Ossuary.

You collected 743 gold pieces.
You spent 255 gold pieces at shops.

Inventory:

Hand Weapons
 S - a +4 scimitar of flaming (weapon)
Missiles
 G - 7 javelins (quivered)
Armour
 c - a +0 shield (worn)
 m - a +2 pair of boots (worn)
 t - a +2 pair of gloves of strength (worn)
 K - a +0 plate armour (worn)
 R - -2 ice dragon scales
Jewellery
 g - a ring of wizardry (left hand)
 C - a ring of ice (right hand)
 D - an amulet of regeneration (around neck)
 P - an uncursed amulet of magic regeneration
Wands
 u - a wand of acid (24)
 F - a wand of polymorph (5)
 H - a wand of paralysis (7)
 J - a wand of iceblast (17)
Scrolls
 a - 2 scrolls of identify
 e - 2 scrolls of enchant armour
 i - 7 scrolls of teleportation
 j - 3 scrolls of remove curse
 k - 2 scrolls of fog
 n - 2 scrolls of enchant weapon
 q - 2 scrolls of magic mapping
 s - 3 scrolls of fear
 v - a scroll of amnesia
 y - 2 scrolls of blinking
 I - a scroll of torment {unknown}
 N - 2 scrolls of brand weapon
Potions
 b - a potion of magic {unknown}
 h - 2 potions of berserk rage
 l - 6 potions of flight
 o - a potion of invisibility
 p - 6 potions of curing
 r - 2 potions of haste
 w - a potion of lignification
 z - 5 potions of heal wounds
 A - 5 potions of mutation
 B - 2 potions of agility
 E - 2 potions of might
 L - a potion of cancellation
Books
 d - a manual of Long Blades
Comestibles
 f - 25 rations
 x - 23 chunks of flesh


   Skills:
 + Level 14.3 Fighting
 - Level 14.1 Long Blades
 - Level 11.2 Armour
 * Level 14.9 Shields


You had 11 spell levels left.
You didn't know any spells.
Your spell library contained the following spells:

 Spells                   Type           Power        Failure   Level  Hunger
 Apportation              Tloc           #.....       82%         1    ##.....
 Flame Tongue             Conj/Fire      #....        82%         1    ##.....
 Magic Dart               Conj           #...         82%         1    ##.....
 Summon Butterflies       Summ           #.......     82%         1    ##.....
 Blink                    Tloc           N/A          91%         2    ###....
 Call Imp                 Summ           #.......     91%         2    ###....
 Slow                     Hex            #.......     91%         2    ###....
 Throw Flame              Conj/Fire      #.....       91%         2    ###....
 Conjure Flame            Conj/Fire      #.......     99%         3    ####...
 Inner Flame              Hex/Fire       #.......     99%         3    ####...
 Lesser Beckoning         Tloc           #.........   99%         3    ####...
 Mephitic Cloud           Conj/Pois/Air  #.......     99%         3    ####...
 Tukima's Dance           Hex            #.......     99%         3    ####...
 Sticky Flame             Conj/Fire      #.......     100%        4    #####..
 Alistair's Intoxication  Tmut/Pois      #.......     100%        5    ######.
 Fireball                 Conj/Fire      #.........   100%        5    ######.
 Invisibility             Hex            #.......     100%        6    #######


Dungeon Overview and Level Annotations

Branches:
Dungeon (11/15)            Temple (1/1) D:5            Lair (4/6) D:10
    Orc (0/2) D:10
  Swamp: Lair:2-4    Shoals: Lair:2-4     Snake: Lair:2-4    Spider: Lair:2-4

Altars:
Ashenzari
Cheibriados
Dithmenos
Elyvilon
Fedhas
Gozag
Hepliaklqana
Kikubaaqudgha
Makhleb
Nemelex Xobeh
Okawaru
Qazlal
Ru
Sif Muna
Trog
Uskayaw
Vehumet
Wu Jian
Xom
Yredelemnul
Zin
The Shining One

Shops:
D:7 [*?:[   D:9 *

Portals:
Trove: D:11 (give 3 potions of resistance)

Annotations:
Lair:1 3 runed translucent doors, Wuochyse's ghost, journeyman DEWz


Innate Abilities, Weirdness & Mutations

You reflexively headbutt those who attack you in melee.
You have a pair of horns on your head.


Message History

The six-headed hydra bites you!
* * * LOW HITPOINT WARNING * * *
The six-headed hydra bites you.
* * * LOW HITPOINT WARNING * * *
The six-headed hydra bites you but does no damage.
The basilisk gazes at you. You resist with some effort.
The blink frog hits you!
* * * LOW HITPOINT WARNING * * *
Something bites the plant.
Something pecks the plant but does no damage.
Something claws the plant.
The black mamba bites you!
* * * LOW HITPOINT WARNING * * *
The yak gores you but does no damage.
The bullfrog hits the plant.
The blink frog hits the plant but does no damage.
The porcupine bites you!
* * * LOW HITPOINT WARNING * * *
The spiny frog stings you but does no damage.
The black mamba barely misses you. The yak gores you!
You die...

.... ..#... . .... #....
....... .. #.... .F.....
. ...#.... #....#.
............
.#..F.F######.....#..####
....§P#.h.....(...#.###..
#...FFFFr...............
.....#hS@Y.#.......P.....
.#. ##YDl.#.......#.....
#.Y...#.....####.## ..
##.#.##.......###..
....####.#.#............
......................>.
#.#####.###...##.#######
####.#.##### #####


You could see a six-headed hydra, a black mamba, 3 yaks, a spiny frog, a
basilisk, 5 blink frogs, 2 wolves, a bullfrog and a porcupine.

Vanquished Creatures
  A hydra (Lair:1)
  Erica (D:11)
  A two-headed ogre (D:10)
  An ugly thing (D:11)
  2 black mambas
  A manticore (D:10)
  Joseph (Lair:1)
  6 elephants (Lair:3)
  2 komodo dragons (Lair:3)
  5 spiny frogs
  2 centaur skeletons
  A kobold demonologist (D:11)
  A troll (D:10)
  A queen bee (Lair:2)
  A merfolk (D:9)
  A hornet (D:11)
  Grinder (D:4)
  7 blink frogs
  5 hippogriffs
  A wyvern (D:11)
  A basilisk (Lair:3)
  8 yaks
  A hungry ghost (D:11)
  Menkaure (D:4)
  7 water moccasins
  8 porcupines
  5 orc warriors
  4 phantoms
  4 ice beasts
  3 sky beasts
  A black bear (D:9)
  8 necrophages
  3 ogres
  4 centaurs
  10 wolves
  12 crocodiles
  A big kobold (D:7)
  7 bullfrogs
  2 scorpions
  35 killer bees
  4 wights
  2 bullfrog zombies
  2 howler monkeys
  3 crimson imps
  A human zombie (Ossuary)
  3 jellies
  A quasit (D:6)
  3 orc priests
  A bullfrog skeleton (D:11)
  A centaur zombie (Ossuary)
  6 hounds
  A gnoll shaman (D:7)
  3 iguanas
  10 orc wizards
  7 worker ants
  3 hound skeletons
  8 mummies
  3 worker ant zombies
  5 gnolls
  11 adders
  A shadow imp (D:9)
  An ooze (D:4)
  An adder zombie (D:8)
  3 adder skeletons
  3 worms
  A dart slug (D:1)
  32 orcs
  6 bats
  4 giant cockroaches
  A gnoll zombie (Ossuary)
  10 goblins
  4 hobgoblins
  2 jackals (D:11)
  4 quokkas
  A ball python (D:1)
  3 frilled lizards
  2 goblin zombies (Ossuary)
  A hobgoblin zombie (Ossuary)
  A jackal skeleton (D:4)
  A jackal zombie (D:8)
  11 kobolds
  2 leopard gecko skeletons
  2 orc zombies (Ossuary)
  A quokka zombie (D:9)
  4 rats
  A fungus (Lair:2)
348 creatures vanquished.

Vanquished Creatures (collateral kills)
  A yak (D:10)
  An orc warrior (D:11)
  An orc (D:11)
3 creatures vanquished.

Vanquished Creatures (others)
  A fungus (Lair:2)
1 creature vanquished.

Grand Total: 352 creatures vanquished

Notes
Turn   | Place    | Note
-------+----------+-------------------------------------------
     0 | D:1      | marthius the Minotaur Fighter began the quest for the Orb.
     0 | D:1      | Reached XP level 1. HP: 19/19 MP: 0/0
   137 | D:1      | Reached XP level 2. HP: 20/27 MP: 1/1
   521 | D:2      | Reached XP level 3. HP: 31/33 MP: 2/2
   577 | D:2      | Found an iron altar of Okawaru.
  1305 | D:3      | Found a snail-covered altar of Cheibriados.
  1376 | D:3      | Reached XP level 4. HP: 21/41 MP: 3/3
  1755 | D:3      | Found a glowing golden altar of the Shining One.
  2491 | D:4      | Found a sacrificial altar of Ru.
  2514 | D:4      | Noticed Grinder
  2522 | D:4      | Killed Grinder
  2522 | D:4      | Reached skill level 5 in Fighting
  2522 | D:4      | Reached skill level 5 in Armour
  2522 | D:4      | Reached skill level 5 in Shields
  2522 | D:4      | Reached XP level 5. HP: 36/48 MP: 4/4
  2522 | D:4      | Reached XP level 6. HP: 42/56 MP: 5/5
  3007 | D:4      | Noticed Menkaure
  3020 | D:4      | Killed Menkaure
  3020 | D:4      | Reached skill level 5 in Long Blades
  3441 | D:4      | Reached XP level 7. HP: 53/62 MP: 6/6
  3565 | D:5      | Entered Level 5 of the Dungeon
  3719 | D:5      | Found a staircase to the Ecumenical Temple.
  3727 | Temple   | Entered the Ecumenical Temple
  3819 | Temple   | Became a worshipper of Makhleb the Destroyer
  4892 | D:6      | Reached XP level 8. HP: 68/71 MP: 7/7
  4960 | D:6      | Found a shimmering altar of Xom.
  4965 | D:6      | You fall through a shaft for 2 floors!
  5307 | D:8      | Reached * piety under Makhleb
  5443 | D:8      | Found a basalt altar of Yredelemnul.
  5452 | D:8      | Found a shadowy altar of Dithmenos.
  5624 | D:8      | Reached XP level 9. HP: 79/81 MP: 8/8
  5706 | D:7      | Found Wysmim's Antique Armour Shop.
  5916 | D:7      | Reached skill level 10 in Long Blades
  5993 | D:7      | Found a sand-covered staircase.
  5997 | Ossuary  | Entered an ossuary
  6226 | Ossuary  | Reached ** piety under Makhleb
  6378 | D:7      | Found Imohud's Assorted Antiques.
  6393 | D:7      | Bought a pair of glowing gloves for 255 gold pieces
  6664 | D:6      | Found a bloodstained altar of Trog.
  6865 | D:7      | Found Ret Vuav's Book Shop.
  7113 | D:7      | Found Noschook's Armour Boutique.
  7249 | D:7      | Found Urchio's Magic Scroll Emporium.
  7614 | D:7      | Reached *** piety under Makhleb
  7614 | D:7      | Reached XP level 10. HP: 91/91 MP: 9/9
  7703 | D:7      | Found a stormy altar of Qazlal.
  7703 | D:7      | Found a sparkling altar of Nemelex Xobeh.
  7970 | D:9      | Found Ycruachi's Demolitions Depot.
  8466 | D:9      | Found a deep blue altar of Sif Muna.
  8579 | D:9      | Found a white marble altar of Elyvilon.
  8918 | D:10     | Entered Level 10 of the Dungeon
  8992 | D:10     | Found a staircase to the Lair.
  9072 | D:10     | Reached skill level 10 in Fighting
  9072 | D:10     | Reached skill level 10 in Armour
  9095 | D:10     | Reached skill level 10 in Shields
  9151 | D:10     | Noticed a two-headed ogre
  9160 | D:10     | Killed a two-headed ogre
  9217 | D:10     | Found a staircase to the Orcish Mines.
  9279 | D:10     | Reached **** piety under Makhleb
  9601 | D:10     | Noticed a manticore
  9607 | D:10     | Killed a manticore
  9802 | D:11     | Reached XP level 11. HP: 100/101 MP: 10/10
 10065 | D:11     | Found a deep blue altar of Sif Muna.
 10224 | D:11     | Found a portal to a secret trove of treasure.
 10259 | D:11     | Noticed Erica
 10283 | D:11     | Killed Erica
 10543 | D:11     | Noticed a brown ugly thing
 10561 | D:11     | Killed a brown ugly thing
 11112 | Lair:1   | Entered Level 1 of the Lair of Beasts
 11485 | Lair:1   | Noticed Wuochyse's ghost (journeyman DEWz)
 11486 | Lair:1   | Noticed an ice dragon
 11528 | Lair:1   | Noticed a six-headed hydra
 11538 | Lair:1   | Killed a two-headed hydra
 11642 | Lair:1   | Found a runed translucent gate.
 11642 | Lair:1   | Found a runed translucent gate.
 11642 | Lair:1   | Found a runed translucent gate.
 11856 | Lair:1   | Noticed Joseph
 11870 | Lair:1   | Killed Joseph
 12150 | Lair:2   | Reached XP level 12. HP: 96/113 MP: 11/11
 12332 | Lair:2   | Found an iron altar of Okawaru.
 12437 | Lair:2   | Reached ***** piety under Makhleb
 13243 | Lair:3   | Noticed a six-headed hydra
 13269 | Lair:3   | HP: 5/117 [porcupine (4)]
 13269 | Lair:3   | Slain by a yak

Skill      XL: |  1  2  3  4  5  6  7  8  9 10 11 12 |
---------------+-------------------------------------+-----
Armour         | 4 5 6 7 9 10 11 | 11.2
Fighting       | 4 5 6 8 9 10 12 14 | 14.3
Shields        | 4 5 6 7 9 10 12 14 | 14.9
Long Blades    | 3 4 5 7 9 11 13 14 | 14.1

Action                   |  1- 3 |  4- 6 |  7- 9 | 10-12 || total
-------------------------+-------+-------+-------+-------++-------
Melee: Long sword        |    93 |    68 |   422 |   260 ||   843
       Headbutt          |    12 |     8 |    92 |   141 ||   253
       Unarmed           |       |       |    13 |       ||    13
       Scimitar          |       |       |       |   355 ||   355
Invok: Lesser Servant of |       |       |       |     5 ||     5
  Use: Scroll            |       |     5 |    20 |     5 ||    30
       Potion            |       |     2 |       |     1 ||     3
  Eat: Chunk             |     2 |     1 |     5 |    19 ||    27
       Ration            |       |     2 |     2 |       ||     4
Armor: Scale mail        |    59 |    25 |   140 |    14 ||   238
       Plate armour      |       |       |       |   239 ||   239
Dodge: Dodged            |    50 |    13 |   143 |   121 ||   327
Block: Shield            |    65 |    24 |   229 |   311 ||   629
       Rpst.: Long sword |    10 |     6 |    40 |    15 ||    71
       Scimitar          |       |       |       |    23 ||    23
